 Dungeon Crawl Stone Soup version 0.18-a0-1347-gb9e2fb4 (webtiles) character file.

56 Oddball22 the Cutter (level 3, 0/24 HPs)
             Began as a High Elf Skald on Feb 17, 2016.
             Was an Initiate of Ashenzari.
             Succumbed to a kobold's poison
             ... on level 2 of the Dungeon.
             The game lasted 00:06:30 (2442 turns).

Oddball22 the Cutter (High Elf Skald)               Turns: 2442, Time: 00:06:30

Health: 0/24       AC:  3    Str: 11    XL:     3   Next: 71%
Magic:  6/7        EV: 12    Int: 16    God:    Ashenzari [......]
Gold:   65         SH:  0    Dex: 15    Spells: 1 memorised, 5 levels left

rFire  . . .     SeeInvis .     a - +0 short sword
rCold  . . .     Gourm    .     b - +0 leather armour
rNeg   . . .     Faith    +     (no shield)
rPois  .         Spirit   .     (no helmet)
rElec  .         Dismiss  .     (no cloak)
rCorr  .         Reflect  .     (no gloves)
SustAt .         Harm     .     (no boots)
MR     .....                    o - amulet of faith
Stlth  +.........               (no ring)
                                (no ring)

@: lethally poisoned (0 -> -2), not resistant to hostile enchantments, very
unstealthy
A: no striking features
a: Curse Item, Renounce Religion


You were on level 2 of the Dungeon.
You worshipped Ashenzari.
Ashenzari was noncommittal.
You were not hungry.

You visited 1 branch of the dungeon, and saw 3 of its levels.

You collected 65 gold pieces.

Inventory:

Hand Weapons
 a - a +0 short sword (weapon)
Missiles
 k - 12 arrows of frost
Armour
 b - a +0 leather armour (worn)
Jewellery
 o - an amulet of faith (around neck)
Scrolls
 e - 3 scrolls of remove curse
 f - 2 scrolls of fear {unknown}
 h - 2 scrolls of blinking {unknown}
 i - 3 scrolls of identify {unknown}
 j - a scroll of teleportation {unknown}
 l - a scroll of enchant weapon {unknown}
Books
 c - a book of Battle

   Spells                             Type                      Level
   a - Infusion                       Charms                       1
   b - Shroud of Golubria             Charms/Translocation         2
   c - Song of Slaying                Charms                       2
   d - Spectral Weapon                Hexes/Charms                 3
   e - Regeneration                   Charms/Necromancy            3
Comestibles
 d - a bread ration
 g - 3 chunks of flesh
 n - a meat ration


   Skills:
 - Level 2.0 Fighting
 * Level 4.0 Short Blades
 - Level 0.8 Armour
 + Level 2.7 Dodging
 - Level 2.4 Spellcasting
 - Level 3.6 Charms


You had 5 spell levels left.
You knew the following spells:

 Your Spells              Type           Power        Failure   Level  Hunger
a - Infusion              Chrm           ##..         8%          1    #......


Dungeon Overview and Level Annotations

Branches:
Dungeon (3/15)

Altars:
Ashenzari


Message History

* * * LOW HITPOINT WARNING * * *
You feel sick.
There is a lethal amount of poison in your body!
* * * LOW HITPOINT WARNING * * *
You feel sick.
* * * LOW HITPOINT WARNING * * *
You feel sick.
You are no longer magically infusing your attacks.
Your transformation is almost over.
* * * LOW HITPOINT WARNING * * *
You feel sick.
* * * LOW HITPOINT WARNING * * *
You feel sick.
* * * LOW HITPOINT WARNING * * *
You feel sick.
* * * LOW HITPOINT WARNING * * *
You feel sick.
You feel less woody.
Your +0 leather armour unmelds from your body.
You die...

######
################....#
................)>..#
#.#############.@#..# #.#
#.....# #.# #....## #.#
##########...######
#.####........#........#
..............#.##...#.#
..............#......#.####
..............#####.......#
#'####........## ##.######


There were no monsters in sight!

Vanquished Creatures
  2 adders (D:2)
  A worm (D:2)
  2 giant geckos
  An orc (D:2)
  A giant cockroach (D:2)
  A goblin (D:2)
  2 hobgoblins
  4 jackals (D:1)
  9 bats
  3 giant newts
  4 kobolds (D:1)
  4 rats (D:2)
34 creatures vanquished.

Notes
Turn   | Place    | Note
--------------------------------------------------------------
     0 | D:1      | Oddball22 the High Elf Skald began the quest for the Orb.
     0 | D:1      | Reached XP level 1. HP: 14/14 MP: 4/4
   344 | D:1      | Found a shattered altar of Ashenzari.
   352 | D:1      | Reached XP level 2. HP: 19/19 MP: 1/6
   399 | D:1      | Became a worshipper of Ashenzari the Shackled
  1657 | D:2      | Reached XP level 3. HP: 6/24 MP: 2/7
  2414 | D:2      | Reached skill level 4 in Short Blades
  2434 | D:2      | HP: 1/36 [poisoned by a kobold]
  2442 | D:2      | Succumbed to a kobold's poison

Vault maps used:
D:1:      sevenhm_arrival_forest_fort_small_6, ashenzari_altar_1
D:3:      yredelemnul_altar_generic, marbit_many_paths, first_bread,
          nicolae_ru_awakened_eye

Action                   || total
-------------------------++-------
Melee: Short sword       ||   114
 Cast: Infusion          ||     8
  Use: Potion            ||     3
 Stab: Sleeping          ||     2
  Eat: Chunk             ||     5
